 Dungeon Crawl Stone Soup version 0.29.1-1-gd02db6906a (webtiles) character file.

Game seed: 1797684849498702692

1458 mcbry74 the Carver (level 8, -11/56 HPs)
             Began as a Merfolk Gladiator on Sept 29, 2022.
             Mangled by an orc knight
             ... wielding a +0 glaive
              (19 damage)
             ... in a bailey.
             The game lasted 00:28:50 (7241 turns).

mcbry74 the Carver (Merfolk Gladiator)              Turns: 7241, Time: 00:28:50

Health: -11/56     AC:  5    Str: 14    XL:     8   Next: 76%
Magic:  7/8        EV: 19    Int: 10    God:
Gold:   315        SH:  0    Dex: 15    Spells: 4/7 levels left

rFire   . . .      SeeInvis +   a - +0 long sword
rCold   . . .      Faith    .   (no shield)
rNeg    . . .      Spirit   .   y - +0 robe of Lesser Demons {Regen+}
rPois   .          Reflect  .   l - +1 hat {Stlth+}
rElec   .          Harm     .   K - +0 cloak
rCorr   +          Rampage  .   j - +0 pair of gloves
Will    .....                   (boots currently unavailable)
Stlth   +++.......              (no amulet)
HPRegen 0.98/turn               G - ring of see invisible
MPRegen 0.11/turn               L - ring of resist corrosion

@: very quick
A: nimble swimmer 2, mertail
a: no special abilities


You were in a bailey.
You visited 1 branch of the dungeon, and saw 7 of its levels.
You also visited: Bailey.

You collected 315 gold pieces.

Inventory:

Hand Weapons
 a - a +0 long sword (weapon)
 F - a +2 short sword of freezing
Missiles
 d - 5 throwing nets (quivered)
 e - a javelin
 o - 8 poisoned darts
 r - 2 silver javelins
 I - 6 boomerangs
Armour
 b - a +0 leather armour
 c - a +0 helmet
 j - a +0 pair of gloves (worn)
 l - a +1 hat of stealth (worn)
 u - a +0 pair of boots (melded)
 y - the +0 robe of Lesser Demons (worn) {Regen+}
   (You found it on level 4 of the Dungeon)

   Regen:     It increases your rate of health regeneration.
 K - a +0 cloak (worn)
Magical Staves
 B - a staff of death
Jewellery
 G - a ring of see invisible (left hand)
 L - a ring of resist corrosion (right hand)
Wands
 f - a wand of flame (23)
 D - a wand of iceblast (7)
 H - a wand of charming (7)
Scrolls
 g - 3 scrolls of blinking
 h - a scroll of fear
 i - 3 scrolls of identify
 n - a scroll of summoning
 p - a scroll of fog
 v - 3 scrolls of vulnerability
 w - a scroll of immolation
 E - a scroll of enchant weapon {unknown}
 J - a scroll of teleportation {unknown}
 M - a scroll of enchant armour {unknown}
Potions
 k - 2 potions of attraction {unknown}
 m - a potion of lignification {unknown}
 q - 3 potions of brilliance {unknown}
 s - a potion of ambrosia {unknown}
 t - a potion of degeneration {unknown}
 x - a potion of invisibility
 z - a potion of curing {unknown}
 C - a potion of haste {unknown}


   Skills:
 - Level 2.1 Fighting
 + Level 9.8 Long Blades
 - Level 2.0 Throwing
 + Level 6.8 Dodging
 - Level 5.0 Transmutations
 + Level 4.6 Ice Magic


You had 4 spell levels left.
You knew the following spells:

 Your Spells              Type           Power      Damage    Failure   Level
a - Wereblood             Tmut           10%        N/A       8%          2
b - Freeze                Ice            36%        1d6       6%          1

Your spell library contained the following spells:

 Spells                   Type           Power      Damage    Failure   Level
 Beastly Appendage        Tmut           20%        N/A       4%          1
 Frozen Ramparts          Ice            18%        1d3       17%         3
 Spider Form              Tmut/Pois      5%         N/A       38%         3
 Blink                    Tloc           0%         N/A       50%         2
 Sublimation of Blood     Necr           0%         N/A       50%         2
 Lesser Beckoning         Tloc           0%         N/A       75%         3
 Petrify                  Tmut/Erth      5%         N/A       80%         4
 Hailstorm                Conj/Ice       4%         3d4       83%         4
 Anguish                  Hex/Necr       0%         N/A       98%         4
 Leda's Liquefaction      Hex/Erth       0%         N/A       98%         4
 Irradiate                Conj/Tmut      2%         3d12      98%         5
 Lee's Rapid Deconstruct  Erth           0%         3d5*      100%        5
 Manifold Assault         Tloc           0%         N/A       100%        5
 Statue Form              Tmut/Erth      3%         N/A       100%        6
 Enfeeble                 Hex            0%         N/A       100%        7
 Chain Lightning          Conj/Air       0%         N/A       100%        9
 Fire Storm               Conj/Fire      0%         5d1       100%        9
 Shatter                  Erth           0%         3d5*      100%        9


Dungeon Overview and Level Annotations

Branches:
Dungeon (7/15)             Temple (0/1) D:7          Bailey (1/1)

Altars:

Shops:
D:6 [

Annotations:
D:6 Dowan, Duvessa


Innate Abilities, Weirdness & Mutations

You are very nimble when in or above water. (Stealth+, EV+, Speed+++)
Your lower body shifts to a powerful aquatic tail in water.


Message History

You kill the orc!
You hear a splash. x2
Things that are here:
a +0 halberd; a +0 ring mail; an orc corpse
Casting: Wereblood (safe; 8% risk of failure)
Confirm with . or Enter, or press ? or * to list all spells.
You can't see any susceptible monsters within range! (Use Z to cast anyway.)
Casting: Wereblood (safe; 8% risk of failure)
Confirm with . or Enter, or press ? or * to list all spells.
Aiming: Freeze (safe; 6% risk of failure)
Press: ? - help, Shift-Dir - straight line, f - orc knight
Aim: an orc knight, wielding a +0 glaive and wearing a +0 plate armour You freeze the orc knight.
The orc knight is lightly wounded.
The orc knight hits you with a +0 glaive!
You hit the orc knight but do no damage.
The orc knight is lightly wounded.
The orc knight hits you with a +0 glaive!
You hit the orc knight.
You tail-slap the orc knight, but do no damage.
The orc knight is lightly wounded.
The orc knight closely misses you.
You barely miss the orc knight.
You tail-slap the orc knight, but do no damage.
The orc knight is lightly wounded.
The orc knight completely misses you.
You hit the orc knight but do no damage.
The orc knight is lightly wounded.
The orc knight hits you with a +0 glaive.
You barely miss the orc knight.
The orc knight is lightly wounded.
You hit the orc knight but do no damage.
The orc knight is lightly wounded.
The orc knight hits you with a +0 glaive!!
* * * LOW HITPOINT WARNING * * *
You hit the orc knight.
The orc knight is lightly wounded.
The orc knight misses you.
The orc knight hits you from afar with a +0 glaive!!
You die...

#.)~..##.## .....§≈
#∩.~~..#+# .o⌠...§
##.~~..# .⌠∩o...
#.~~..## §§..o§§
#.)..## ≈≈≈§§ #.~.##
...
#.~.#############+###'#
#.~..........##.....##.
#.~~~~@~o~)~..##.∩.##..
#..........~~..## ##..~
##########..~~).###..~~
##..~~.)...~~.
##..~~~)~~~..
##..)......#
###########


You could see an orc knight.

Vanquished Creatures
  Sigmund (D:6)
  An ice beast (D:6)
  2 phantoms
  4 scorpions
  3 hounds (D:6)
  4 jellies
  4 orc priests
  An iguana (D:5)
  4 orc wizards
  10 gnolls
  9 adders
  A shadow imp (D:6)
  A white imp (D:6)
  4 worms
  3 dart slugs (D:1)
  33 orcs
  3 ball pythons
  7 endoplasms
  5 giant cockroaches
  9 goblins
  14 hobgoblins
  3 jackals (D:1)
  7 kobolds
  4 quokkas
  8 bats
  4 frilled lizards
  5 rats
154 creatures vanquished.

Notes
Turn   | Place    | Note
-------+----------+-------------------------------------------
     0 | D:1      | mcbry74 the Merfolk Gladiator began the quest for the Orb.
     0 | D:1      | Reached XP level 1. HP: 16/16 MP: 1/1
   251 | D:1      | Reached skill level 4 in Long Blades
   265 | D:1      | Reached XP level 2. HP: 22/22 MP: 2/2
   567 | D:1      | Reached XP level 3. HP: 17/27 MP: 3/3
   596 | D:1      | Reached skill level 5 in Long Blades
   984 | D:1      | Found a faded altar of an unknown god.
  1287 | D:2      | Reached XP level 4. HP: 29/33 MP: 4/4
  1331 | D:2      | Reached skill level 6 in Long Blades
  2579 | D:3      | Reached XP level 5. HP: 33/38 MP: 5/5
  2785 | D:3      | Reached skill level 1 in Transmutations
  3145 | D:3      | Learned a level 2 spell: Wereblood
  3392 | D:4      | Identified the +0 robe of Lesser Demons {Regen+}
  3492 | D:4      | Reached skill level 7 in Long Blades
  3557 | D:4      | Reached XP level 6. HP: 32/44 MP: 6/6
  4034 | D:4      | Reached skill level 8 in Long Blades
  4034 | D:4      | Reached XP level 7. HP: 48/50 MP: 7/7
  4422 | D:5      | Entered Level 5 of the Dungeon
  4520 | D:5      | Reached skill level 5 in Transmutations
  4543 | D:5      | Learned a level 1 spell: Freeze
  4864 | D:5      | Reached skill level 1 in Ice Magic
  5296 | D:5      | Reached skill level 5 in Dodging
  5335 | D:5      | Reached XP level 8. HP: 39/56 MP: 8/8
  5434 | D:5      | Reached skill level 9 in Long Blades
  6050 | D:6      | Noticed Duvessa
  6058 | D:6      | Noticed Dowan
  6300 | D:6      | HP: 2/56 [ice beast (9)]
  6680 | D:6      | Noticed Sigmund
  6707 | D:6      | Killed Sigmund
  6877 | D:6      | Found Ygiusch's Antique Armour Shop.
  7049 | D:7      | Found a flagged portal.
  7064 | Bailey   | Entered a bailey
  7180 | Bailey   | Noticed an orc knight
  7241 | Bailey   | Mangled by an orc knight

Illustrated notes

Levels and vault maps discovered:
D:1:      wander_arrival_chamber, layout_basic, basic_ecumenical_altar,
          minmay_pentomino_u4
D:2:      layout_basic, minmay_three_crescents
D:3:      layout_basic, hangedman_decor_clover_reticule
D:4:      layout_loops_ring
D:5:      layout_basic, minmay_misc_feat_tiny, kennysheep_small_spiral
D:6:      layout_basic, serial_shops, kennysheep_mini_moat, uniq_duvessa,
          uniq_sigmund
D:7:      layout_basic, minmay_temple_entry_mist, enter_bailey_3
Bailey:   bailey_polearm_1, bailey

Skill      XL: |  1  2  3  4  5  6  7  8 |
---------------+-------------------------+-----
Long Blades    | 4 5 6 7 8 9 |  9.8
Transmutations | 3 4 5 |  5.0
Ice Magic      | 2 4 |  4.6
Dodging        | 5 6 |  6.8
Fighting       | |  2.1
Throwing       | |  2.0

Action                   |  1- 3 |  4- 6 |  7- 9 || total
-------------------------+-------+-------+-------++-------
Melee: Long sword        |    95 |   205 |   313 ||   613
       Punch             |     1 |     1 |     5 ||     7
       Tailslap          |       |       |    11 ||    11
Throw: Throwing net      |       |       |     4 ||     4
 Cast: Wereblood         |       |     1 |     6 ||     7
       Freeze            |       |       |     1 ||     1
  Use: Scroll            |       |       |     8 ||     8
       Potion            |       |       |     3 ||     3
 Stab: Sleeping          |     1 |    11 |     2 ||    14
       Distracted        |       |       |     1 ||     1
       Held in net/web   |       |       |     2 ||     2
Armor: Leather armour    |    19 |    37 |       ||    56
       Robe              |       |    17 |    66 ||    83
Dodge: Dodged            |    70 |    91 |   240 ||   401
